 Dungeon Crawl Stone Soup version 0.31-a0-1009-g454b1f1e0a (webtiles) character file.

Game seed: 3077455533764366838

37226 IndexError the Fighter (level 14, -1/105 HPs)
             Began as a Djinni Conjurer on Nov 10, 2023.
             Was a High Priest of Ru.
             Slain by an eight-headed hydra (8 damage)
             ... on level 4 of the Lair of Beasts on Nov 14, 2023.
             The game lasted 00:52:43 (16157 turns).

IndexError the Fighter (Djinni Conjurer)           Turns: 16157, Time: 00:52:44

Health: -1/105     AC: 13    Str:  6    XL:     14   Next: 27%
Gold:   951        EV: 17    Int: 23    God:    Ru [*****.] SH:  0 Dex: 18

rFire   + + .        j - +3 whip (elec)
rCold   + . .        (no shield)
rNeg    . . .        p - +0 troll leather armour {regen}
rPois   ∞            o - +2 helmet
rElec   .            A - +2 cloak {rCorr}
rCorr   +            N - +1 pair of gloves
SInv    .            (boots unavailable)
Will    +....        r - amulet of regeneration {+regen, !d}
Stlth   ++++         L - ring of Ownauxku {*Slow rF+ rC+ Dex+4}
HPRegen 1.97/turn    P - ring of ice {rC+, rF-}
MPRegen 0.00/turn

%: slow self (1%), infuse magic (-2 HP)
@: flying
A: sickness immunity, fire resistance 2, cold vulnerability 1, inability to
drink after injury 2, inability to read after injury 2, hated by all, float,
innate caster, HP casting, extra vitality 1
a: Renounce Religion, Sacrifice Skill, Sacrifice Purity, Sacrifice Arcana,
Reject Sacrifices, Draw Out Power, Power Leap, Apocalypse


You were on level 4 of the Lair of Beasts.
You worshipped Ru.
Ru was extremely pleased with you.
You visited 2 branches of the dungeon, and saw 15 of its levels.
You also visited: Ossuary and Bailey.

You collected 951 gold pieces.

Inventory:

Hand Weapons
 j - a +3 whip of electrocution (weapon)
   (You took it off a kobold on level 1 of the Dungeon)
Missiles
 m - 25 javelins
 x - 4 curare-tipped darts
 H - a throwing net {=f, !d}
Armour
 a - a +2 robe of willpower
   (You took it off Sigmund on level 6 of the Dungeon)
 o - a +2 helmet (worn)
   (You found it on level 3 of the Dungeon)
 p - a +0 troll leather armour (worn) {regen}
   (You found it on level 10 of the Dungeon)
 y - a +2 robe of positive energy
   (You took it off Jeremiah on level 6 of the Dungeon)
 A - a +2 cloak of preservation (worn)
   (You took it off Crazy Yiuf on level 6 of the Dungeon)
 N - a +1 pair of gloves (worn)
   (You found it on level 2 of the Lair of Beasts)
Magical Staves
 E - a staff of earth
   (You found it on level 11 of the Dungeon)
 K - a staff of death {rN+}
   (You found it in a bailey)
Jewellery
 h - a ring of see invisible {sInv, !d}
   (You found it on level 7 of the Dungeon)
 r - an amulet of regeneration (around neck) {+regen, !d}
   (You found it on level 3 of the Dungeon)
 L - the ring of Ownauxku (left hand) {*Slow rF+ rC+ Dex+4}
   (You acquired it on level 9 of the Dungeon)

   [ring of protection from fire]

   Dex+4:     It affects your dexterity (+4).
   rF+:       It protects you from fire.
   rC+:       It protects you from cold.
   *Slow:     It may slow you when you take damage.
 P - a ring of ice (right hand) {rC+, rF-}
   (You took it off Fannar on level 3 of the Lair of Beasts)
Wands
 z - a wand of paralysis (5)
   (You took it off Erolcha on level 9 of the Dungeon)
 M - a wand of polymorph (5)
   (You found it on level 3 of the Lair of Beasts)
Scrolls
 g - 2 scrolls of vulnerability {!r!r}
 i - 5 scrolls of teleportation
 l - 2 scrolls of acquirement
 q - a scroll of fear
 u - a scroll of immolation {!r}
 w - a scroll of poison
 C - 2 scrolls of enchant weapon
 G - a scroll of enchant armour
 I - 4 scrolls of identify
 J - 3 scrolls of fog
 O - a scroll of silence {unknown}
Potions
 b - a potion of ambrosia {unknown}
 c - 3 potions of enlightenment {unknown}
 d - 10 potions of curing {unknown}
 e - 4 potions of lignification {unknown}
 f - 2 potions of cancellation {unknown}
 k - 4 potions of berserk rage {unknown}
 n - 6 potions of degeneration {unknown}
 s - 3 potions of haste {unknown}
 t - 3 potions of attraction {unknown}
 v - 7 potions of brilliance {unknown}
 B - 6 potions of might {unknown}
 F - 2 potions of resistance {unknown}
Miscellaneous
 D - a condenser vane
   (You found it on level 11 of the Dungeon)
 Q - a phial of floods
   (You found it on level 4 of the Lair of Beasts)


   Skills:
 * Level 11.4 Fighting
 - Level 10.0 Armour
 - Level 10.0 Dodging
 - Level 10.0 Stealth
 + Level 10.0 Spellcasting
 + Level 10.0 Conjurations
 + Level 10.0 Hexes
   Level 0.0 Charms
   Level 0.0 Summonings
 + Level 10.0 Necromancy
 + Level 10.0 Translocations
 + Level 10.0 Transmutations
 + Level 10.0 Fire Magic
 + Level 10.0 Ice Magic
 + Level 10.0 Air Magic
 + Level 10.0 Earth Magic
 + Level 10.0 Poison Magic


You knew the following spells:

 Your Spells              Type           Power      Damage    Failure   Level
a - Magic Dart            Conj           100%       1d8       1%          1
b - Searing Ray           Conj           100%       2d8       1%          2
c - Dazzling Flash        Conj/Hex       100%       N/A       1%          3
d - Fulminant Prism       Conj/Hex       27%        3d13      1%          4
e - Teleport Other        Tloc           55%        N/A       1%          3
f - Dispel Undead         Necr           55%        3d20      1%          4
g - Summon Forest         Summ/Tloc      17%        N/A       28%         5
s - Slow                  Hex            100%       N/A       1%          1
w - Passwall              Tmut/Erth      45%        N/A       1%          2
x - Iskenderun's Mystic   Conj/Tloc      55%        2d12      1%          4
z - Iskenderun's Battles  Conj           55%        2d11      3%          5
Your spell library was empty.

Dungeon Overview and Level Annotations

Branches:
Dungeon (11/15)            Temple (0/1) D:7            Lair (4/5) D:9
  Swamp (0/4) Lair:2       Spider (0/4) Lair:3      Ossuary (visited)
 Bailey (visited)
  Slime: Lair:4-5       Orc: D:9-12

Altars:
Ashenzari
Cheibriados
Dithmenos
Nemelex Xobeh
Qazlal
Ru
Uskayaw
Zin

Shops:
D:4 [

Annotations:
D:1 2 transporters
Lair:4 Urug


Innate Abilities, Weirdness & Mutations

You are immune to sickness and miasma.
You are immune to poison.
Your flesh is very heat resistant. (rF++)
You are vulnerable to cold. (rC-)
You sometimes lose the ability to drink potions when taking damage.
You sometimes lose the ability to read scrolls when taking damage.
You are hated by all.
You float through the air rather than walking.
You learn spells naturally, not from books.
Your magical power is your life essence.
You have superior vitality. (+4 MHP)


Message History

Confirm with . or Enter, or press ? or * to list all spells.
You erupt in a blast of force!
The mystic blast hits the yak! x2
The yak is knocked back by the mystic blast.
You take 2 damage, and have 87/105 hp.
Casting: Iskenderun's Mystic Blast (mildly dangerous; 1% risk of failure)
Confirm with . or Enter, or press ? or * to list all spells.
You erupt in a blast of force!
The mystic blast hits the yak!
You take 2 damage, and have 85/105 hp.
HP restored.
Done exploring.
Health restored: 105
There is a stone staircase leading down here.
You fly downwards.
Level annotation: Urug
There is a stone staircase leading up here.
There is a stone staircase leading down here.
There is a stone staircase leading down here.
A death yak comes into view.
The magic dart hits the eight-headed hydra!
The eight-headed hydra roars!
The death yak bellows!
You hear a bellow!
The magic dart hits the eight-headed hydra.
You hit the fungus.
The fungus begins to die.
A nearby fungus withers and dies.
There is a stone staircase leading up here.
Casting: Magic Dart (safe; 1% risk of failure)
Confirm with . or Enter, or press ? or * to list all spells.
Aiming: Fulminant Prism (mildly dangerous; 1% risk of failure)
Press: ? - help, Dir - move target, p - eight-headed hydra You conjure a prism of explosive energy!
A fulminant prism comes into view.
You take 2 damage, and have 103/105 hp.
Casting: Fulminant Prism (mildly dangerous; 1% risk of failure)
Confirm with . or Enter, or press ? or * to list all spells.
Aiming: Fulminant Prism (mildly dangerous; 1% risk of failure)
Press: ? - help, Dir - move target You conjure a prism of explosive energy!
A fulminant prism comes into view.
Your fulminant prism crackles loudly.
You take 2 damage, and have 101/105 hp.
Casting: Fulminant Prism (mildly dangerous; 1% risk of failure)
Confirm with . or Enter, or press ? or * to list all spells.
You conjure a globe of magical energy.
The eight-headed hydra bites you but does no damage. x2
The eight-headed hydra bites you. The eight-headed hydra misses you.
The eight-headed hydra completely misses you.
The eight-headed hydra bites you.
The eight-headed hydra closely misses you.
The eight-headed hydra bites you but does no damage.
The blast of energy engulfs the death yak!!
The blast of energy engulfs the eight-headed hydra!
The blast of energy engulfs you!!
Your fulminant prism crackles loudly.
You hear a roar!
You hear a loud, deep croak!
You hear an angry hiss.
You hear an angry growl.
You hear a bellow!
You hear a loud, deep croak!
You hear a bellow! x2
You take 34 damage, and have 67/105 hp.
MASSIVE DAMAGE!!
Casting: Iskenderun's Battlesphere (dangerous; 3% risk of failure)
Confirm with . or Enter, or press ? or * to list all spells.
Aiming: Searing Ray (safe; 1% risk of failure)
Press: ? - help, Shift-Dir - straight line, f - eight-headed hydra
Aim: an eight-headed hydra (lightly wounded, ally target, 94% to hit)
The searing ray hits the eight-headed hydra! (Press . to maintain the ray.)
Your battlesphere fires!
The barrage of energy hits the death yak!
The eight-headed hydra bites you but does no damage. x2
The eight-headed hydra closely misses you.
The eight-headed hydra bites you but does no damage.
The eight-headed hydra misses you. The eight-headed hydra bites you!
The eight-headed hydra bites you but does no damage.
The eight-headed hydra bites you!
You hear a loud, deep croak!
You hear an angry hiss.
You hear a loud, deep croak!
You take 21 damage, and have 46/105 hp.
The searing ray hits the eight-headed hydra!
Your battlesphere fires!
The barrage of energy hits the death yak.
The eight-headed hydra bites you! x2
* * * LOW HITPOINT WARNING * * *
The eight-headed hydra bites you but does no damage.
The eight-headed hydra closely misses you.
The eight-headed hydra completely misses you.
The eight-headed hydra barely misses you.
The eight-headed hydra bites you.
* * * LOW HITPOINT WARNING * * *
The eight-headed hydra bites you but does no damage.
You take 24 damage, and have 22/105 hp.
MASSIVE DAMAGE!!
The searing ray hits the eight-headed hydra!
* * * LOW HITPOINT WARNING * * *
Your battlesphere fires!
The barrage of energy hits the eight-headed hydra.
The eight-headed hydra closely misses you.
The eight-headed hydra completely misses you.
The eight-headed hydra bites you but does no damage.
The eight-headed hydra bites you!
* * * LOW HITPOINT WARNING * * *
The eight-headed hydra bites you!
* * * LOW HITPOINT WARNING * * *
The eight-headed hydra misses you. The eight-headed hydra bites you!
You die...

.......................###...#
.......................#......
########.....................
#.....................
##....#####.###....... #...###
### ##...... ♣.....### #......
♣...YD#.# #...... ♣....@.##
##..... #......# #.#..#.
#...*..# ####.#. #......# ####
#......## # #.....#.# #
#.......# ### #.....#.###.##
#.......##P..###


You could see a death yak, an eight-headed hydra (ally target) and a friendly
battlesphere.

Vanquished Creatures
  Fannar (Lair:3)
  3 hydras
  Erolcha (D:9)
  A two-headed ogre (D:8)
  A death yak (Lair:3)
  A skyshark (Lair:3)
  2 manticores (D:11)
  2 oklob plants
  A torpor snail (Lair:3)
  Jeremiah (D:6)
  6 elephants (Lair:4)
  6 black mambas
  7 cane toads
  2 kobold demonologists (D:9)
  13 komodo dragons
  4 rime drakes
  2 trolls
  Grinder (D:4)
  4 blink frogs (Lair:3)
  Sigmund (D:6)
  2 vampires (D:11)
  41 yaks
  Eustachio (D:6)
  3 wyverns
  2 basilisks (Lair:2)
  A steam dragon (D:10)
  Edmund (D:4)
  13 water moccasins
  Duvessa (D:4)
  2 hell hounds (D:11)
  2 ice beasts
  11 orc warriors
  A black bear (D:8)
  2 sky beasts
  11 centaurs
  2 ogres (D:4)
  16 wolves
  2 phantoms
  5 kobold brigands
  16 bullfrogs
  10 scorpions
  3 wights (D:10)
  Dowan (D:4)
  12 killer bees
  2 howler monkeys (D:5)
  3 electric eels (D:9)
  14 hounds
  9 jellies
  5 orc priests
  Crazy Yiuf (D:6)
  2 sleepcaps
  21 iguanas
  11 orc wizards
  13 mummies (Ossuary)
  13 gnolls
  3 adders
  3 white imps
  4 ufetubi (D:6)
  4 worms
  A dart slug (D:3)
  49 orcs
  6 ball pythons
  4 bats
  24 endoplasms
  12 giant cockroaches
  11 goblins
  3 hobgoblins (D:1)
  18 jackals
  4 quokkas
  14 frilled lizards
  A gnoll skeleton (Ossuary)
  3 goblin skeletons (Ossuary)
  18 kobolds
  2 kobold skeletons (Ossuary)
  2 orc skeletons (Ossuary)
  2 quokka zombies (D:7)
  4 rats
  11 rat skeletons (Ossuary)
  A fulminant prism (D:4)
519 creatures vanquished.

Vanquished Creatures (others)
  A wyvern (D:9)
  A yak (D:9)
  A wolf (Lair:3)
  A hound (D:11)
  A jackal (D:11)
  A frilled lizard (Lair:3)
  52 fulminant prisms
58 creatures vanquished.

Grand Total: 577 creatures vanquished

Notes
Turn   | Place    | Note
-------+----------+-------------------------------------------
     0 | D:1      | IndexError the Djinni Conjurer began the quest for the Orb.
     0 | D:1      | IndexError set off with the following spells memorised:
                  | Magic Dart, Searing Ray, Dazzling Flash, Fulminant Prism,
                  | Iskenderun's Mystic Blast.
     0 | D:1      | Reached XP level 1. HP: 15/15 MP: 0/0
    20 | D:1      | Reached skill level 1 in Fighting
    20 | D:1      | Reached XP level 2. HP: 8/22 MP: 0/0
   348 | D:1      | Reached XP level 3. HP: 21/28 MP: 0/0
   348 | D:1      | Learned a level 1 spell: Slow
   353 | D:1      | Reached skill level 2 in Fighting
   831 | D:2      | Identified the "Zismuenua"
  1038 | D:2      | Found a faded altar of an unknown god.
  1044 | D:2      | Reached XP level 4. HP: 26/34 MP: 0/0
  1045 | D:2      | Prayed at the altar of an unknown god.
  1045 | D:2      | Became a worshipper of Ru the Awakened
  1170 | D:2      | Gained mutation: You are hated by all. [Ru sacrifice]
  1170 | D:2      | Reduced skill Summonings to level 0
  1170 | D:2      | Reached * piety under Ru
  1170 | D:2      | Reached ** piety under Ru
  1363 | D:2      | Reached skill level 3 in Fighting
  1373 | D:2      | Reached XP level 5. HP: 11/40 MP: 0/0
  1373 | D:2      | Learned a level 2 spell: Passwall
  2192 | D:3      | Found a shadowy altar of Dithmenos.
  2311 | D:3      | Found a hide-covered altar of Uskayaw.
  2313 | D:3      | Found a sparkling altar of Nemelex Xobeh.
  2563 | D:4      | Noticed Grinder
  2579 | D:4      | Killed Grinder
  2580 | D:4      | Reached skill level 5 in Fighting
  2580 | D:4      | Reached skill level 4 in Spellcasting
  2580 | D:4      | Reached skill level 4 in Conjurations
  2580 | D:4      | Reached skill level 4 in Hexes
  2580 | D:4      | Reached skill level 4 in Necromancy
  2580 | D:4      | Reached skill level 4 in Translocations
  2580 | D:4      | Reached skill level 4 in Transmutations
  2580 | D:4      | Reached skill level 4 in Fire Magic
  2580 | D:4      | Reached skill level 4 in Ice Magic
  2580 | D:4      | Reached skill level 4 in Air Magic
  2580 | D:4      | Reached skill level 4 in Earth Magic
  2580 | D:4      | Reached skill level 4 in Poison Magic
  2580 | D:4      | Reached XP level 6. HP: 47/49 MP: 0/0
  2654 | D:4      | Reached XP level 7. HP: 54/54 MP: 0/0
  2654 | D:4      | Learned a level 3 spell: Teleport Other
  2676 | D:4      | Found Neuzuj's Antique Armour Emporium.
  2727 | D:4      | Noticed Edmund
  2749 | D:4      | Killed Edmund
  2749 | D:4      | HP: 12/55 [hound (3)]
  2749 | D:4      | Noticed Duvessa
  2750 | D:4      | Reached skill level 6 in Fighting
  2755 | D:4      | HP: 13/56 [hound (2)]
  2771 | D:3      | HP: 12/56 [hound (3)]
  2934 | D:4      | Found a stormy altar of Qazlal.
  2944 | D:4      | Reached skill level 7 in Fighting
  2944 | D:4      | Reached XP level 8. HP: 43/64 MP: 0/0
  3061 | D:4      | Noticed Dowan
  3096 | D:4      | Killed Duvessa
  3099 | D:4      | Killed Dowan
  3311 | D:4      | Reached skill level 8 in Fighting
  3487 | D:5      | Entered Level 5 of the Dungeon
  3606 | D:5      | Reached skill level 5 in Spellcasting
  3606 | D:5      | Reached skill level 5 in Conjurations
  3606 | D:5      | Reached skill level 5 in Hexes
  3606 | D:5      | Reached skill level 5 in Necromancy
  3606 | D:5      | Reached skill level 5 in Translocations
  3606 | D:5      | Reached skill level 5 in Transmutations
  3606 | D:5      | Reached skill level 5 in Fire Magic
  3606 | D:5      | Reached skill level 5 in Ice Magic
  3606 | D:5      | Reached skill level 5 in Air Magic
  3606 | D:5      | Reached skill level 5 in Earth Magic
  3606 | D:5      | Reached skill level 5 in Poison Magic
  3796 | D:5      | Gained mutation: You occasionally lose the ability to read
                  | scrolls when taking damage. [Ru sacrifice]
  3796 | D:5      | Gained mutation: You sometimes lose the ability to read
                  | scrolls when taking damage. [Ru sacrifice]
  3796 | D:5      | Reached *** piety under Ru
  3803 | D:5      | Reached XP level 9. HP: 66/71 MP: 0/0
  3803 | D:5      | Learned a level 4 spell: Dispel Undead
  3864 | D:5      | Reached skill level 9 in Fighting
  4681 | D:6      | Reached skill level 10 in Fighting
  4836 | D:6      | Noticed Jeremiah
  4843 | D:6      | HP: 15/74 [Jeremiah/divine providence (15)]
  4917 | D:6      | Killed Jeremiah
  4980 | D:6      | Noticed Sigmund
  4989 | D:6      | Killed Sigmund
  5175 | D:6      | Noticed Eustachio
  5188 | D:6      | Killed Eustachio
  5189 | D:6      | Reached skill level 11 in Fighting
  5465 | D:6      | Found a runed translucent door.
  5466 | D:6      | Noticed Crazy Yiuf
  5832 | D:6      | Killed Crazy Yiuf
  5833 | D:6      | Reached skill level 6 in Spellcasting
  5833 | D:6      | Reached skill level 6 in Conjurations
  5833 | D:6      | Reached skill level 6 in Hexes
  5833 | D:6      | Reached skill level 6 in Necromancy
  5833 | D:6      | Reached skill level 6 in Translocations
  5833 | D:6      | Reached skill level 6 in Transmutations
  5833 | D:6      | Reached skill level 6 in Fire Magic
  5833 | D:6      | Reached skill level 6 in Ice Magic
  5833 | D:6      | Reached skill level 6 in Air Magic
  5833 | D:6      | Reached skill level 6 in Earth Magic
  5833 | D:6      | Reached skill level 6 in Poison Magic
  6078 | D:7      | Found a glowing silver altar of Zin.
  6095 | D:7      | Reached skill level 3 in Dodging
  6095 | D:7      | Reached XP level 10. HP: 49/82 MP: 0/0
  6198 | D:7      | Found a staircase to the Ecumenical Temple.
  6334 | D:7      | Reached skill level 4 in Dodging
  6588 | D:7      | Found a sand-covered staircase.
  6599 | Ossuary  | Entered an ossuary
  6792 | Ossuary  | Reached skill level 5 in Dodging
  6936 | Ossuary  | Gained mutation: You occasionally lose the ability to drink
                  | potions when taking damage. [Ru sacrifice]
  6936 | Ossuary  | Gained mutation: You sometimes lose the ability to drink
                  | potions when taking damage. [Ru sacrifice]
  6936 | Ossuary  | Reached **** piety under Ru
  6936 | Ossuary  | Reached ***** piety under Ru
  7311 | D:8      | Upgraded the game from 0.31-a0-1002-g8e65716e6e to
                  | 0.31-a0-1008-g5b978dac0e
  7367 | D:8      | Noticed a two-headed ogre
  7377 | D:7      | Reached skill level 6 in Dodging
  7484 | D:8      | Killed a two-headed ogre
  7485 | D:8      | Reached skill level 7 in Spellcasting
  7485 | D:8      | Reached skill level 7 in Conjurations
  7485 | D:8      | Reached skill level 7 in Hexes
  7485 | D:8      | Reached skill level 7 in Necromancy
  7485 | D:8      | Reached skill level 7 in Translocations
  7485 | D:8      | Reached skill level 7 in Transmutations
  7485 | D:8      | Reached skill level 7 in Fire Magic
  7485 | D:8      | Reached skill level 7 in Ice Magic
  7485 | D:8      | Reached skill level 7 in Air Magic
  7485 | D:8      | Reached skill level 7 in Earth Magic
  7485 | D:8      | Reached skill level 7 in Poison Magic
  7534 | D:8      | Reached skill level 7 in Dodging
  8053 | D:9      | Reached skill level 8 in Dodging
  8053 | D:9      | Reached XP level 11. HP: 70/87 MP: 0/0
  8053 | D:9      | Learned a level 5 spell: Iskenderun's Battlesphere
  8080 | D:9      | Noticed Erolcha
  8174 | D:9      | Reached skill level 9 in Dodging
  8235 | D:9      | Killed Erolcha
  8236 | D:9      | Reached skill level 8 in Spellcasting
  8236 | D:9      | Reached skill level 8 in Conjurations
  8236 | D:9      | Reached skill level 8 in Hexes
  8236 | D:9      | Reached skill level 8 in Necromancy
  8236 | D:9      | Reached skill level 8 in Translocations
  8236 | D:9      | Reached skill level 8 in Transmutations
  8236 | D:9      | Reached skill level 8 in Fire Magic
  8236 | D:9      | Reached skill level 8 in Ice Magic
  8236 | D:9      | Reached skill level 8 in Air Magic
  8236 | D:9      | Reached skill level 8 in Earth Magic
  8236 | D:9      | Reached skill level 8 in Poison Magic
  8386 | D:9      | Found a staircase to the Lair.
  8404 | D:9      | Reached skill level 10 in Dodging
  8477 | D:9      | Found a flagged portal.
  8483 | Bailey   | Entered a bailey
  9033 | Bailey   | Reached skill level 9 in Spellcasting
  9033 | Bailey   | Reached skill level 9 in Conjurations
  9033 | Bailey   | Reached skill level 9 in Hexes
  9033 | Bailey   | Reached skill level 9 in Necromancy
  9033 | Bailey   | Reached skill level 9 in Translocations
  9033 | Bailey   | Reached skill level 9 in Transmutations
  9033 | Bailey   | Reached skill level 9 in Fire Magic
  9033 | Bailey   | Reached skill level 9 in Ice Magic
  9033 | Bailey   | Reached skill level 9 in Air Magic
  9033 | Bailey   | Reached skill level 9 in Earth Magic
  9033 | Bailey   | Reached skill level 9 in Poison Magic
  9220 | D:9      | Acquired the ring of Ownauxku {*Slow rF+ rC+ Dex+4}
  9225 | D:9      | Identified the "Mistro" (You acquired it on level 9 of the
                  | Dungeon)
  9379 | D:9      | Noticed an oklob plant
  9398 | D:9      | Killed an oklob plant
 10331 | D:10     | Entered Level 10 of the Dungeon
 10426 | D:10     | Found a broken altar of Ashenzari.
 10546 | D:10     | Reached XP level 12. HP: 94/94 MP: 0/0
 10656 | D:10     | Found a snail-covered altar of Cheibriados.
 11397 | D:11     | Noticed a demonic crawler
 11402 | D:11     | Noticed a demonic crawler
 11405 | D:11     | HP: 18/94 [demonic crawler (10)]
 11516 | D:11     | Reached skill level 10 in Spellcasting
 11516 | D:11     | Reached skill level 10 in Conjurations
 11516 | D:11     | Reached skill level 10 in Hexes
 11516 | D:11     | Reached skill level 10 in Necromancy
 11516 | D:11     | Reached skill level 10 in Translocations
 11516 | D:11     | Reached skill level 10 in Transmutations
 11516 | D:11     | Reached skill level 10 in Fire Magic
 11516 | D:11     | Reached skill level 10 in Ice Magic
 11516 | D:11     | Reached skill level 10 in Air Magic
 11516 | D:11     | Reached skill level 10 in Earth Magic
 11516 | D:11     | Reached skill level 10 in Poison Magic
 11581 | D:11     | Reached skill level 1 in Armour
 11581 | D:11     | Reached skill level 2 in Stealth
 11679 | D:11     | Reached skill level 2 in Armour
 11689 | D:11     | Reached skill level 3 in Armour
 11764 | Lair:1   | Entered Level 1 of the Lair of Beasts
 11891 | Lair:1   | Reached skill level 3 in Stealth
 11893 | Lair:1   | Reached skill level 4 in Armour
 12082 | Lair:1   | Reached skill level 5 in Armour
 12267 | Lair:1   | Reached skill level 4 in Stealth
 12632 | Lair:2   | Reached skill level 6 in Armour
 12718 | Lair:2   | Noticed a four-headed hydra
 12725 | Lair:2   | Killed a four-headed hydra
 12726 | Lair:2   | Reached skill level 7 in Armour
 12731 | Lair:2   | Reached XP level 13. HP: 83/99 MP: 0/0
 12731 | Lair:2   | Learned a level 5 spell: Summon Forest
 12738 | Lair:2   | Reached skill level 5 in Stealth
 12834 | Lair:2   | Identified the +0 leather armour of Indecent Exposure
                  | {Str-5 Dex+3 SInv}
 12865 | Lair:2   | Reached skill level 8 in Armour
 12956 | Lair:2   | Noticed an eight-headed hydra
 12986 | Lair:2   | Upgraded the game from 0.31-a0-1008-g5b978dac0e to
                  | 0.31-a0-1009-g454b1f1e0a
 13244 | Lair:2   | Reached skill level 6 in Stealth
 13246 | Lair:2   | Reached skill level 9 in Armour
 13545 | Lair:2   | Found a staircase to the Swamp.
 13563 | Lair:2   | Killed an eight-headed hydra
 13651 | Lair:3   | Noticed a six-headed hydra
 13656 | Lair:3   | Killed a six-headed hydra
 14330 | Lair:3   | Noticed Fannar
 14339 | Lair:3   | Reached skill level 10 in Armour
 14344 | Lair:3   | Killed Fannar
 14350 | Lair:3   | Reached skill level 7 in Stealth
 14484 | Lair:3   | Found a hole to the Spider Nest.
 15087 | Lair:3   | Reached skill level 8 in Stealth
 15274 | Lair:3   | Identified the +0 scale mail of the Candlemaker {Rampage
                  | rC+ Dex+3}
 15575 | Lair:4   | Reached XP level 14. HP: 63/105 MP: 0/0
 15592 | Lair:3   | Reached skill level 9 in Stealth
 15965 | Lair:4   | Reached skill level 10 in Stealth
 15987 | Lair:4   | Noticed Urug
 16156 | Lair:4   | HP: 22/105 [eight-headed hydra (5)]
 16157 | Lair:4   | HP: 7/105 [eight-headed hydra (8)]
 16157 | Lair:4   | Slain by an eight-headed hydra

Illustrated notes

Levels and vault maps discovered:
D:1:      spicycebolla_arrival_transporter_tutorial, layout_rooms,
          feat_on_display
D:2:      minmay_evil_eye, layout_basic, chequers_ecumenical_altar_simple_redux
D:3:      layout_basic, nicolae_dithmenos_through_a_glass_darkly,
          nicolae_overflow_hidden_temple
D:4:      layout_rooms, grunt_qazlal_clouds, vehumet_crystals, serial_shops,
          shop, sigmund_army, uniq_edmund, uniq_grinder, uniq_duvessa
D:5:      layout_cave_pods, lemuel_crystal_altar, serial_rivers,
          chequers_serial_rivers_micro_e, chequers_serial_rivers_micro_d,
          chequers_serial_rivers_micro_e, chequers_serial_rivers_small_a,
          chequers_serial_rivers_micro_a
D:6:      layout_loops_corners, uniq_eustachio, uniq_crazy_yiuf_cottage,
          uniq_jeremiah, uniq_sigmund
D:7:      layout_gridville, zin_treasury, minmay_temple_entry_poolview,
          enter_ossuary_4
D:8:      layout_rooms
D:9:      lemuel_slime, layout_layer_cave, erik_lair_island, enter_bailey_3,
          nicolae_tricolors, uniq_erolcha
D:10:     layout_cross, mainiacjoe_overflow_concentric_impassable,
          ashenzari_conservatory_becter
D:11:     kennysheep_spiral_hall, layout_loops_ring, david_orc_5,
          hangedman_parallel_progression
Lair:1:   layout_roguey, grunt_megastairs_4
Lair:2:   layout_roguey, minmay_swamp_entry_reptiles
Lair:3:   lemuel_reptile_caves, layout_layer_cave,
          nicolae_spider_entry_non_spiders, chequers_serial_rivers_micro_e,
          uniq_fannar
Lair:4:   cheibrodos_lair_overgrown_chateau, layout_gridlike, uniq_urug

Skill      XL: |  1  2  3  4  5  6  7  8  9 10 11 12 13 14 |
---------------+-------------------------------------------+-----
Fighting       | 1 2 3 5 7 8 11 | 11.4
Summonings     | 0 |  0.0
Spellcasting   | 4 5 6 7 9 10 | 10.0
Conjurations   | 4 5 6 7 9 10 | 10.0
Hexes          | 4 5 6 7 9 10 | 10.0
Necromancy     | 4 5 6 7 9 10 | 10.0
Translocations | 4 5 6 7 9 10 | 10.0
Transmutations | 4 5 6 7 9 10 | 10.0
Fire Magic     | 4 5 6 7 9 10 | 10.0
Ice Magic      | 4 5 6 7 9 10 | 10.0
Air Magic      | 4 5 6 7 9 10 | 10.0
Earth Magic    | 4 5 6 7 9 10 | 10.0
Poison Magic   | 4 5 6 7 9 10 | 10.0
Dodging        | 3 8 10 | 10.0
Armour         | 7 10 | 10.0
Stealth        | 4 8 10 | 10.0

Action                     |  1- 3 |  4- 6 |  7- 9 | 10-12 | 13-15 || total
---------------------------+-------+-------+-------+-------+-------++-------
  Melee: Whip              |     2 |       |     1 |    41 |     3 ||    47
   Cast: Magic Dart        |    92 |    57 |   131 |   456 |   293 ||  1029
         Searing Ray       |     1 |    10 |    42 |    59 |    24 ||   136
         Iskenderun's Myst |       |       |    18 |    22 |    29 ||    69
         Fulminant Prism   |       |       |    10 |    30 |    13 ||    53
         Iskenderun's Batt |       |       |       |    37 |    49 ||    86
 Invoke: Sacrifice Love    |       |     1 |       |       |       ||     1
         Sacrifice Words   |       |       |     1 |       |       ||     1
         Sacrifice Drink   |       |       |       |     1 |       ||     1
         Apocalypse        |       |       |       |     1 |       ||     1
         Reject Sacrifices |       |       |       |     1 |       ||     1
         Power Leap        |       |       |       |     1 |       ||     1
    Use: Scroll            |       |       |    11 |    10 |     1 ||    22
   Stab: Invisible         |       |       |       |     2 |       ||     2
 Armour: Robe              |    21 |     9 |    65 |   195 |    30 ||   320
         Troll leather arm |       |       |       |       |   133 ||   133
  Dodge: Dodged            |    28 |    14 |    68 |   274 |   139 ||   523

Table legend: (Time is in decaauts)
 A = Elapsed time spent in this place.
 B = Non-inter-level travel time spent in this place.
 C = Inter-level travel time spent in this place.
 D = Time resting spent in this place.
 E = Time spent auto-exploring this place.
 F = Levels seen in this place.
 G = Mean time per level.
                   A        B        C        D        E       F      G
               +--------+--------+--------+--------+--------+-----+--------+
         Total |  16209 |  14745 |   1464 |    106 |  10986 |  17 |  953.5 |
       Dungeon |  10836 |   9646 |   1190 |     30 |   7498 |  11 |  985.1 |
          Lair |   4284 |   4011 |    273 |     31 |   3082 |   4 | 1071.0 |
       Ossuary |    361 |    361 |      0 |      0 |    222 |   1 |  361.0 |
        Bailey |    726 |    726 |      0 |     45 |    184 |   1 |  726.0 |
               +--------+--------+--------+--------+--------+-----+--------+

Top non-repeatable levels by time:
     D:9: 1797 daAuts
  Lair:3: 1775 daAuts
     D:6: 1420 daAuts
     D:5: 1042 daAuts
  Lair:2: 1011 daAuts
  Lair:1: 1005 daAuts
     D:7: 997 daAuts
     D:1: 948 daAuts
     D:4: 903 daAuts
     D:2: 893 daAuts
     D:3: 829 daAuts
    D:10: 736 daAuts
  Bailey: 726 daAuts
    D:11: 675 daAuts
     D:8: 591 daAuts

Levels and vault maps discovered:
D:1:      spicycebolla_arrival_transporter_tutorial, layout_rooms,
          feat_on_display
D:2:      minmay_evil_eye, layout_basic, chequers_ecumenical_altar_simple_redux
D:3:      layout_basic, nicolae_dithmenos_through_a_glass_darkly,
          nicolae_overflow_hidden_temple
D:4:      layout_rooms, grunt_qazlal_clouds, vehumet_crystals, serial_shops,
          shop, sigmund_army, uniq_edmund, uniq_grinder, uniq_duvessa
D:5:      layout_cave_pods, lemuel_crystal_altar, serial_rivers,
          chequers_serial_rivers_micro_e, chequers_serial_rivers_micro_d,
          chequers_serial_rivers_micro_e, chequers_serial_rivers_small_a,
          chequers_serial_rivers_micro_a
D:6:      layout_loops_corners, uniq_eustachio, uniq_crazy_yiuf_cottage,
          uniq_jeremiah, uniq_sigmund
D:7:      layout_gridville, zin_treasury, minmay_temple_entry_poolview,
          enter_ossuary_4
D:8:      layout_rooms
D:9:      lemuel_slime, layout_layer_cave, erik_lair_island, enter_bailey_3,
          nicolae_tricolors, uniq_erolcha
D:10:     layout_cross, mainiacjoe_overflow_concentric_impassable,
          ashenzari_conservatory_becter
D:11:     kennysheep_spiral_hall, layout_loops_ring, david_orc_5,
          hangedman_parallel_progression
Lair:1:   layout_roguey, grunt_megastairs_4
Lair:2:   layout_roguey, minmay_swamp_entry_reptiles
Lair:3:   lemuel_reptile_caves, layout_layer_cave,
          nicolae_spider_entry_non_spiders, chequers_serial_rivers_micro_e,
          uniq_fannar
Lair:4:   cheibrodos_lair_overgrown_chateau, layout_gridlike, uniq_urug

Table legend: (Time is in decaauts)
 A = Elapsed time spent in this place.
 B = Non-inter-level travel time spent in this place.
 C = Inter-level travel time spent in this place.
 D = Time resting spent in this place.
 E = Time spent auto-exploring this place.
 F = Levels seen in this place.
 G = Mean time per level.
                   A        B        C        D        E       F      G
               +--------+--------+--------+--------+--------+-----+--------+
         Total |  16209 |  14745 |   1464 |    106 |  10986 |  17 |  953.5 |
       Dungeon |  10836 |   9646 |   1190 |     30 |   7498 |  11 |  985.1 |
          Lair |   4284 |   4011 |    273 |     31 |   3082 |   4 | 1071.0 |
       Ossuary |    361 |    361 |      0 |      0 |    222 |   1 |  361.0 |
        Bailey |    726 |    726 |      0 |     45 |    184 |   1 |  726.0 |
               +--------+--------+--------+--------+--------+-----+--------+

Top non-repeatable levels by time:
     D:9: 1797 daAuts
  Lair:3: 1775 daAuts
     D:6: 1420 daAuts
     D:5: 1042 daAuts
  Lair:2: 1011 daAuts
  Lair:1: 1005 daAuts
     D:7: 997 daAuts
     D:1: 948 daAuts
     D:4: 903 daAuts
     D:2: 893 daAuts
     D:3: 829 daAuts
    D:10: 736 daAuts
  Bailey: 726 daAuts
    D:11: 675 daAuts
     D:8: 591 daAuts

Table legend:
 A = Kills in this place as a percentage of kills in the entire game.
 B = Kills by you in this place as a percentage of kills by you in the entire game.
 C = Kills by friends in this place as a percentage of kills by friends in the entire game.
 D = Other kills in this place as a percentage of other kills in the entire game.
 E = Experience gained in this place as a percentage of experience gained in the entire game.
 F = Experience gained in this place divided by the number of levels of this place that you have seen.
                   A       B       C       D       E      F
               +-------+-------+-------+-------+-------+----------------------
         Total | 100.0 | 100.0 |   N/A | 100.0 | 100.0 | 3128.2
       Dungeon |  57.3 |  57.1 |   N/A |  75.0 |  31.0 | 1499.4
          Lair |  29.7 |  29.7 |   N/A |  25.0 |  64.0 | 8509.0
       Ossuary |   6.1 |   6.2 |   N/A |   0.0 |   0.5 | 259.0
        Bailey |   6.9 |   6.9 |   N/A |   0.0 |   4.5 | 2392.0
               +-------+-------+-------+-------+-------+----------------------
